 Dungeon Crawl Stone Soup version 0.28.0-45-g0d030f2227 (webtiles) character file.

Game seed: 9913154767192701099

2634 zeratav the Martial Artist (level 9, -14/61 HPs)
             Began as an Octopode Transmuter on Apr 8, 2022.
             Was an Initiate of Ashenzari.
             Demolished by a yak (15 damage)
             ... on level 7 of the Dungeon.
             The game lasted 00:27:27 (8706 turns).

zeratav the Martial Artist (Octopode Transmuter)    Turns: 8706, Time: 00:27:28

Health: -14/61     AC:  2    Str: 10    XL:     9   Next: 61%
Magic:  8/12       EV: 25    Int: 15    God:    Ashenzari [......]
Gold:   316        SH:  0    Dex: 21    Spells: 8/12 levels left

rFire   . . .      SeeInvis .     - Unarmed
rCold   . . .      Faith    .   (shield currently unavailable)
rNeg    . . .      Spirit   .   (helmet currently unavailable)
rPois   x          Reflect  .   (no amulet)
rElec   .          Harm     .   b - ring "Repose of Ashenzari" {Will+, Alch, Cun} (curse)
rCorr   .          Rampage  .   (no ring)
Will    +....                   (no ring)
Stlth   +++.......              (no ring)
HPRegen 0.20/turn               (no ring)
MPRegen 0.13/turn               (no ring)
                                (no ring)
                                (no ring)

@: spider-form
A: venomous fangs, almost no armour, (amphibious), 8 rings, tiny, (camouflage
1), (gelatinous body 1), (nimble swimmer 1), (tentacles)
a: End Transformation, Renounce Religion, Curse Item, Shatter the Chains


You were on level 7 of the Dungeon.
You worshipped Ashenzari.
Ashenzari was noncommittal.
You were a venomous arachnid creature.
You visited 1 branch of the dungeon, and saw 8 of its levels.

You collected 316 gold pieces.


Innate Abilities, Weirdness & Mutations

You are a venomous arachnid creature.
You have poisonous fangs.
You are tiny and dextrous.
Your spellcasting is less reliable in this form.
Your armour is entirely melded.
You are incapable of wielding weapons or throwing items.
You cannot wear most types of armour.
((You are amphibious.))
You can wear up to eight rings at the same time.
((Your skin changes colour to match your surroundings (Stealth+).))
((Your rubbery body absorbs attacks. (AC +1, EV +1)))
((You are camouflaged when in or above water. (Stealth+)))
((You have tentacles for arms and can constrict up to eight enemies at once.))


   Skills:
 + Level 5.4 Fighting
 + Level 5.7(6.2) Dodging
 - Level 4.7(5.1) Stealth
 * Level 8.4 Unarmed Combat
 - Level 2.0 Spellcasting
 + Level 5.8(6.2) Transmutations


You had 8 spell levels left.
You knew the following spells:

 Your Spells              Type           Power      Damage    Failure   Level
a - Beastly Appendage     Tmut           40%        N/A       7%          1
b - Spider Form           Tmut/Pois      10%        N/A       38%         3

Your spell library contained the following spells:

 Spells                   Type           Power      Damage    Failure   Level
 Wereblood                Tmut           20%        N/A       10%         2
 Sting                    Tmut/Pois      40%        1d5       17%         1
 Apportation              Tloc           2%         N/A       43%         1
 Foxfire                  Conj/Fire      4%         2x1d4     43%         1
 Corpse Rot               Necr/Air       2%         N/A       54%         2
 Poisonous Vapours        Pois/Air       2%         N/A       54%         2
 Scorch                   Fire           2%         2d5       54%         2
 Static Discharge         Conj/Air       1%         N/A       54%         2
 Ice Form                 Ice/Tmut       10%        N/A       73%         4
 Conjure Flame            Conj/Fire      1%         6-21      75%         3
 Inner Flame              Hex/Fire       1%         N/A       75%         3
 Alistair's Intoxication  Tmut/Pois      6%         N/A       95%         5
 Flame Wave               Conj/Fire      1%         2d4       98%         4
 Lightning Bolt           Conj/Air       0%         1d11      100%        5
 Summon Cactus Giant      Summ           0%         N/A       100%        6
 Maxwell's Capacitive Co  Air            0%         ∞         100%        8

Inventory:

Hand Weapons
 m - the +6 spear of Huadaps (melded) {elec, rElec, polearm}
   (You found it on level 3 of the Dungeon)

   It occasionally discharges a powerful burst of electricity upon striking a
   foe.
   rElec:     It insulates you from electricity.
Jewellery
 b - the cursed ring "Repose of Ashenzari" (left front leg) {Will+, Alch, Cun}
   (You found it on level 1 of the Dungeon)

   [ring of willpower]

   Will:      It increases your willpower.
   It has a curse which improves the following skills: Alchemy: Poison Magic and
   Transmutations.
   Cunning:   Dodging and Stealth.
Wands
 n - a wand of digging (6)
   (You took it off Ijyb on level 3 of the Dungeon)
 r - a wand of iceblast (14)
   (You found it on level 6 of the Dungeon)
Scrolls
 a - 4 scrolls of teleportation {@r4}
 c - a scroll of immolation {!r!r}
 e - 3 scrolls of enchant weapon
 g - a scroll of fog
 h - a scroll of holy word
 i - a scroll of amnesia
Potions
 d - 3 potions of mutation {!q}
 f - 2 potions of resistance
 j - a potion of heal wounds {@q2}
 k - a potion of curing {@q1}
 l - a potion of attraction {unknown}
 o - a potion of berserk rage {!q}
 p - a potion of haste {@q3}
 s - a potion of ambrosia

Dungeon Overview and Level Annotations

Branches:
Dungeon (8/15)             Temple (0/1) D:7
   Lair: D:8-11

Altars:
Ashenzari
Hepliaklqana
Sif Muna
Trog
Vehumet
Xom
Zin

Shops:
D:7 *

Annotations:
D:5 Blork the orc
D:7 1 runed translucent door, Malificent's ghost, novice MiWn

#### ###≈≈# ###
#≈§≈≈#### ..#
#≈≈≈≈≈≈# ..#
##≈##≈≈# ..###
#≈## ## ..#.#
#≈### #### ....#
##≈≈# #Ys#
..#.#####≈######.#
..#....≈≈≈≈≈.....#
..#.....≈≈≈....###
###..........###
.##........(##
.##.........#
...########.# ...#
#...#


You could see a yak (extremely poisoned).


Message History

You bite the wight!
HP[+1]
You hit the wight but do no damage. The wight closely misses you.
You hit the wight but do no damage. The wight completely misses you.
You bite the wight!
You destroy the wight!
Things that are here:
a +0 long sword {long}; a +0 robe MP[+1] HP[+1]
Things that are here:
a +0 long sword {long}; a +0 robe Your transformation is almost over.
Your transformation has ended.
The +6 spear of Huadaps {elec, rElec, polearm} unmelds from your body.
You hear the crackle of electricity.
You see here a +0 spear {polearm}.
HP[+2] MP[+1]
You regained 2 hp, and now have 58/61 hp.
HP[+2] MP[+1]
You regained 2 hp, and now have 60/61 hp.
Your mp is fully restored (12).
HP[+1]
Your hp is fully restored (61).
There is a stone staircase leading down here.
You climb downwards.
The yak bellows!
A yak comes into view.
There is a stone staircase leading up here.
Casting: Spider Form (dangerous; 19% risk of failure)
Confirm with . or Enter, or press ? or * to list all spells.
You turn into a venomous arachnid creature.
The +6 spear of Huadaps {elec, rElec, polearm} melds into your body.
The +6 spear of Huadaps {elec, rElec, polearm} stops crackling.
The yak bellows!
MP[-3]
You lost 3 mp, and now have 9/12 mp.
A yak comes into view.
The yak bellows!
You bite the yak!
The yak looks as sick as possible!
The yak misses you.
Ashenzari invites you to partake of a vision and a curse of evocations and introspection.
You hit the yak.
The yak looks as sick as possible!
Your transformation is almost over.
The yak closely misses you. x2
You completely miss the yak. The yak misses you.
You bite the yak!
The yak looks as sick as possible!
The yak misses you. The yak gores you!
HP[-13]
You take 13 damage, and now have 48/61 hp.
MASSIVE DAMAGE!! (PAUSE)
You hit the yak.
The yak is poisoned.
HP[+1]
You barely miss the yak. The yak gores you. The yak gores you!
The yak closely misses you.
HP[-12] MP[+1]
You take 12 damage, and now have 37/61 hp.
You hit the yak.
The yak looks as sick as possible!
The yak completely misses you. The yak closely misses you. The yak misses you.
You kill the yak!
There is a stone staircase leading up here.
The yak closely misses you. The yak gores you!
* * * LOW HITPOINT WARNING * * *
You climb upwards.
Level annotation: 1 runed translucent door, Malificent's ghost, novice MiWn
There is a stone staircase leading down here.
HP[-9]
You take 9 damage, and now have 28/61 hp.
You hit the yak.
Your transformation has ended.
The +6 spear of Huadaps {elec, rElec, polearm} unmelds from your body.
You hear the crackle of electricity.
The yak gores you!
* * * LOW HITPOINT WARNING * * *
The yak misses you.
HP[-12]
You take 12 damage, and now have 16/61 hp.
You puncture the yak! The yak completely misses you. The yak barely misses you.
MP[+1]
Casting: Spider Form (dangerous; 19% risk of failure)
Confirm with . or Enter, or press ? or * to list all spells.
You turn into a venomous arachnid creature.
The +6 spear of Huadaps {elec, rElec, polearm} melds into your body.
The +6 spear of Huadaps {elec, rElec, polearm} stops crackling.
The yak closely misses you. The yak misses you.
MP[-3]
You lost 3 mp, and now have 8/12 mp.
You bite the yak!
You kill the yak!
The yak completely misses you.
HP[+1]
You completely miss the yak. The yak completely misses you.
You hit the yak.
The yak is poisoned.
You hit the yak but do no damage.
The yak looks as sick as possible!
The yak gores you!
* * * LOW HITPOINT WARNING * * *
HP[-16]
You take 16 damage, and now have 1/61 hp.
MASSIVE DAMAGE!! (PAUSE)
You bite the yak! The yak gores you!
You die...

Skill      XL: |  1  2  3  4  5  6  7  8  9 |
---------------+----------------------------+-----
Stealth        | 1 2 3 4 |  4.7
Fighting       | 2 4 5 |  5.4
Unarmed Combat | 4 5 6 7 8 |  8.4
Dodging        | 3 4 5 |  5.7
Transmutations | 3 4 5 |  5.8
Spellcasting   | |  2.0

Action                   |  1- 3 |  4- 6 |  7- 9 || total
-------------------------+-------+-------+-------++-------
Melee: Unarmed           |    66 |    24 |   113 ||   203
       Constrict         |    16 |    16 |     6 ||    38
       Kick              |    10 |    14 |     3 ||    27
       Tentacles         |    14 |    13 |     9 ||    36
       Punch             |     1 |     1 |       ||     2
       Spear             |       |    53 |    30 ||    83
 Cast: Beastly Appendage |    28 |    16 |     1 ||    45
       Spider Form       |       |       |    22 ||    22
Invok: Curse Item        |       |     1 |       ||     1
 Abil: End Transformatio |       |       |     1 ||     1
  Use: Scroll            |       |       |    20 ||    20
 Stab: Sleeping          |     6 |     7 |     2 ||    15
Armor: Skin              |     9 |     6 |     3 ||    18
Dodge: Dodged            |    33 |    46 |   137 ||   216

Levels and vault maps discovered:
D:1:      grunt_arrival_crossed_arrows, layout_rooms,
          shapermc_ecumenical_altar_hornbeckon
D:2:      cheibrodos_old_hovel, layout_basic
D:3:      layout_loops_cross, nzn_overflow_gifts_of_might_and_magic,
          nicolae_overflow_ecumenical_swirl,
          nicolae_hepliaklqana_ecumenical_no_more, serial_glass,
          glass_columns_c, glass_columns_a, chequers_arboretum, uniq_ijyb,
          uniq_natasha
D:4:      layout_loops_corners, evilmike_ruin_ashenzari
D:5:      layout_layer_cave, uniq_blork_the_orc, uniq_edmund, uniq_pikel
D:6:      layout_loops_ring, uniq_eustachio
D:7:      layout_basic, zin_purify, minmay_temple_entry_hall, ebering_ghost_xom,
          lemuel_another_geyser
D:8:      layout_cave_pods, serial_bayou_lagoon_a

Notes
Turn   | Place    | Note
-------+----------+-------------------------------------------
     0 | D:1      | zeratav the Octopode Transmuter began the quest for the
                  | Orb.
     0 | D:1      | Reached XP level 1. HP: 13/13 MP: 3/3
     0 | D:1      | magus.rc [v1.9.6]
   205 | D:1      | Reached XP level 2. HP: 18/18 MP: 5/5
   366 | D:1      | Reached skill level 1 in Stealth
   755 | D:1      | Found a faded altar of an unknown god.
   961 | D:2      | Reached XP level 3. HP: 23/23 MP: 4/6
  1845 | D:3      | You pick up a book of Vapours and begin reading...
  1845 | D:3      | You add the spells Poisonous Vapours and Corpse Rot to your
                  | library.
  1951 | D:3      | Reached skill level 2 in Stealth
  2044 | D:3      | Reached XP level 4. HP: 23/28 MP: 5/7
  2054 | D:3      | Noticed Natasha
  2063 | D:3      | Found a faded altar of an unknown god.
  2071 | D:3      | Found a radiant altar of Vehumet.
  2113 | D:3      | HP: 7/29 [Natasha/magic dart (8)]
  2119 | D:3      | Killed Natasha
  2402 | D:3      | Found a shimmering blue altar of Sif Muna.
  2413 | D:3      | Got Sif Muna's Collected Works on Envenoming
  2420 | D:3      | Found a bloodstained altar of Trog.
  2694 | D:3      | Identified the +6 spear of Huadaps {elec, rElec}
  2711 | D:3      | Reached XP level 5. HP: 34/34 MP: 6/8
  2790 | D:3      | Reached skill level 2 in Fighting
  2790 | D:3      | Reached skill level 4 in Unarmed Combat
  2915 | D:3      | Found a faded altar of an unknown god.
  2915 | D:3      | Noticed Natasha
  2920 | D:3      | Killed Natasha
  2956 | D:3      | Found a faded altar of an unknown god.
  2962 | D:3      | Found a hazy altar of Hepliaklqana.
  2962 | D:3      | Found a faded altar of an unknown god.
  3025 | D:3      | Noticed Ijyb
  3029 | D:3      | Killed Ijyb
  3030 | D:3      | Reached skill level 3 in Stealth
  3065 | D:3      | Noticed Natasha
  3069 | D:3      | Killed Natasha
  3292 | D:4      | Reached skill level 3 in Dodging
  3292 | D:4      | Reached skill level 3 in Transmutations
  3292 | D:4      | Reached XP level 6. HP: 40/40 MP: 7/9
  3564 | D:4      | Learned a level 3 spell: Spider Form
  3669 | D:4      | You pick up a book of Flames and begin reading...
  3669 | D:4      | You add the spells Foxfire, Conjure Flame, Inner Flame and
                  | Flame Wave to your library.
  3696 | D:4      | Found a broken altar of Ashenzari.
  3705 | D:4      | Became a worshipper of Ashenzari the Shackled
  4413 | D:5      | Entered Level 5 of the Dungeon
  4413 | D:5      | Noticed Edmund
  4705 | D:5      | Reached skill level 4 in Stealth
  4705 | D:5      | Reached skill level 5 in Unarmed Combat
  4711 | D:5      | You pick up a book of Party Tricks and begin reading...
  4711 | D:5      | You add the spells Apportation and Alistair's Intoxication
                  | to your library.
  4721 | D:5      | You pick up a book of Flames and begin reading...
  4746 | D:5      | You pick up a book of Lightning and begin reading...
  4746 | D:5      | You add the spells Static Discharge, Lightning Bolt and
                  | Maxwell's Capacitive Coupling to your library.
  4788 | D:5      | Reached XP level 7. HP: 35/45 MP: 10/10
  5019 | D:5      | Noticed Blork the orc
  5156 | D:5      | Reached skill level 3 in Fighting
  5238 | D:5      | Killed Edmund
  5429 | D:5      | Noticed Pikel
  5466 | D:4      | HP: 5/46 [lemure[Pikel] (10)]
  5470 | D:4      | Killed Pikel
  5471 | D:4      | Reached skill level 4 in Fighting
  5471 | D:4      | Reached skill level 4 in Dodging
  5471 | D:4      | Reached skill level 6 in Unarmed Combat
  5471 | D:4      | Reached skill level 4 in Transmutations
  5471 | D:4      | Reached XP level 8. HP: 6/54 MP: 9/11
  6206 | D:6      | Noticed Eustachio
  6230 | D:6      | Killed Eustachio
  6231 | D:6      | Reached skill level 7 in Unarmed Combat
  6541 | D:6      | You pick up a book of Scorching and begin reading...
  6541 | D:6      | You add the spells Scorch and Summon Cactus Giant to your
                  | library.
  6560 | D:6      | Reached skill level 5 in Transmutations
  6568 | D:6      | HP: 13/54 [poisoned by a water moccasin]
  6827 | D:6      | Reached skill level 5 in Dodging
  6851 | D:6      | Reached XP level 9. HP: 59/59 MP: 8/12
  7269 | D:7      | Found Zin's Purification Station.
  7275 | D:7      | Found a glowing silver altar of Zin.
  7313 | D:7      | Found a runed translucent door.
  7313 | D:7      | Found a shimmering altar of Xom.
  7313 | D:7      | Noticed Malificent's ghost (novice MiWn)
  7314 | D:7      | Noticed a +2 long sword of chaos
  7668 | D:7      | Noticed a troll
  7686 | D:7      | Found a staircase to the Ecumenical Temple.
  7717 | D:7      | Reached skill level 5 in Fighting
  7802 | D:7      | Reached skill level 8 in Unarmed Combat
  8618 | D:8      | Noticed an eight-headed hydra
  8705 | D:7      | HP: 1/61 [yak (16)]
  8706 | D:7      | Demolished by a yak

Vanquished Creatures
  Pikel (D:4)
  A wraith (D:7)
  Eustachio (D:6)
  A wyvern (D:7)
  2 yaks
  Edmund (D:5)
  A water moccasin (D:6)
  A sky beast (D:5)
  An ogre (D:5)
  A kobold brigand (D:7)
  A scorpion (D:4)
  A water moccasin skeleton (D:6)
  A howler monkey (D:6)
  A wight (D:7)
  A jelly (D:7)
  A bullfrog zombie (D:7)
  6 hounds
  An orc priest (D:5)
  2 centaur skeletons
  A bullfrog skeleton (D:5)
  2 iguanas
  Ijyb (D:3)
  Natasha (thrice) (D:3)
  2 orc wizards (D:7)
  A hound skeleton (D:4)
  A howler monkey skeleton (D:7)
  5 adders
  4 gnolls
  A white imp (D:3)
  7 orcs
  9 endoplasms
  2 giant cockroaches
  11 goblins
  6 hobgoblins
  5 kobolds
  A quokka (D:4)
  5 ball pythons
  5 bats
  4 frilled lizards
  7 rats
109 creatures vanquished.

Vanquished Creatures (collateral kills)
  A bullfrog (D:7)
1 creature vanquished.

Vanquished Creatures (others)
  A plant (D:2)
1 creature vanquished.

Grand Total: 111 creatures vanquished

Table legend:
 A = Non-vault XP
 B = Vault XP
 C = Vault XP percentage of total XP
 D = Non-vault monster count
 E = Vault monster count
 F = Vault count percentage of total count
                 A         B        C        D         E       F
            +---------+---------+-------+---------+---------+-------
      Total |    2637 |    1127 |  29.9 |     102 |       8 |   7.3
            +---------+---------+-------+---------+---------+-------
        D:1 |      30 |       0 |   0.0 |      19 |       0 |   0.0
        D:2 |      12 |      14 |  53.8 |       8 |       1 |  11.1
        D:3 |     138 |      96 |  41.0 |      21 |       4 |  16.0
        D:4 |     200 |     651 |  76.5 |      12 |       1 |   7.7
        D:5 |     586 |     164 |  21.9 |      13 |       1 |   7.1
        D:6 |     379 |     202 |  34.8 |       7 |       1 |  12.5
        D:7 |    1096 |       0 |   0.0 |      21 |       0 |   0.0
        D:8 |     196 |       0 |   0.0 |       1 |       0 |   0.0
            +---------+---------+-------+---------+---------+-------

Illustrated notes

Table legend:
 A = Kills in this place as a percentage of kills in entire the game.
 B = Kills by you in this place as a percentage of kills by you in the entire game.
 C = Kills by friends in this place as a percentage of kills by friends in the entire game.
 D = Other kills in this place as a percentage of other kills in the entire game.
 E = Experience gained in this place as a percentage of experience gained in the entire game.
 F = Experience gained in this place divided by the number of levels of this place that you have seen.
                   A       B       C       D       E      F
               +-------+-------+-------+-------+-------+----------------------
         Total | 100.0 | 100.0 | 100.0 |   N/A | 100.0 | 470.5
       Dungeon | 100.0 | 100.0 | 100.0 |   N/A | 100.0 | 470.5
               +-------+-------+-------+-------+-------+----------------------

Table legend: (Time is in decaauts)
 A = Elapsed time spent in this place.
 B = Non-inter-level travel time spent in this place.
 C = Inter-level travel time spent in this place.
 D = Time resting spent in this place.
 E = Time spent auto-exploring this place.
 F = Levels seen in this place.
 G = Mean time per level.
                   A        B        C        D        E       F      G
               +--------+--------+--------+--------+--------+-----+--------+
         Total |   8710 |   7527 |   1183 |   1984 |   3253 |   8 | 1088.8 |
       Dungeon |   8710 |   7527 |   1183 |   1984 |   3253 |   8 | 1088.8 |
               +--------+--------+--------+--------+--------+-----+--------+

Top non-repeatable levels by time:
     D:3: 1519 daAuts
     D:7: 1477 daAuts
     D:4: 1477 daAuts
     D:5: 1411 daAuts
     D:6: 1056 daAuts
     D:2: 887 daAuts
     D:1: 841 daAuts
     D:8: 39 daAuts
